 Dungeon Crawl Stone Soup version 0.25-a0-975-gcae8493d64 (webtiles) character file.

Game seed: 12123303368098460602, levelgen mode: classic

24 Amnesiac the Gusty (level 2, -2/15 HPs)
             Began as a Deep Elf Air Elementalist on May 9, 2020.
             Killed from afar by Ijyb (7 damage)
             ... with a puff of flame
             ... on level 3 of the Dungeon.
             The game lasted 00:03:00 (615 turns).

Amnesiac the Gusty (Deep Elf Air Elementalist)       Turns: 615, Time: 00:03:01

Health: -2/15      AC:  2    Str:  5    XL:     2   Next: 79%
Magic:  6/8        EV: 13    Int: 19    God:
Gold:   69         SH:  0    Dex: 15    Spells: 5/8 levels left

rFire    . . .     SeeInvis .   (no weapon)
rCold    . . .     Gourm    .   (no shield)
rNeg     . . .     Faith    .   a - +0 robe
rPois    .         Spirit   .   (no helmet)
rElec    .         Reflect  .   (no cloak)
rCorr    .         Harm     .   (no gloves)
MR       .....                  (no boots)
Stlth    ++........             (no amulet)
HPRegen  0.05/turn              (no ring)
MPRegen  0.11/turn              (no ring)

@: no status effects
A: no striking features
a: no special abilities


You were on level 3 of the Dungeon.
You were not hungry.

You visited 1 branch of the dungeon, and saw 3 of its levels.

You collected 69 gold pieces.

Inventory:

Hand Weapons
 d - a +0 short sword
Armour
 a - a +0 robe (worn)
Scrolls
 e - a scroll of identify {!r, unknown}
 f - a scroll of enchant armour {!r, unknown}
Comestibles
 b - 6 chunks of flesh
 c - 2 rations


   Skills:
 - Level 2.4 Dodging
 - Level 2.4 Stealth
 + Level 3.5 Spellcasting
 + Level 1.6 Conjurations
 * Level 3.6 Air Magic


You had 5 spell levels left.
You knew the following spells:

 Your Spells              Type           Power        Failure   Level  Hunger
a - Shock                 Conj/Air       ##..         4%          1    None
z - Swiftness             Chrm/Air       ##......     11%         2    ##.....

Your spell library contained the following spells:

 Spells                   Type           Power        Failure   Level  Hunger
 Static Discharge         Conj/Air       ##......     14%         3    ###....
 Airstrike                Air            ###.......   32%         4    ####...
 Lightning Bolt           Conj/Air       ##........   80%         5    ######.


Dungeon Overview and Level Annotations

Branches:
Dungeon (3/15)

Altars:
Ru
Trog
Xom

Annotations:
D:3 Ijyb


Message History

Casting: Shock (safe; 4% risk of failure)
Confirm with . or Enter, or press ? or * to list all spells.
Aiming: Shock (safe; 4% risk of failure)
Press: ? - help, Shift-Dir - straight line, f - hobgoblin
Aim: a hobgoblin, wielding a +0 club (asleep)
The zap hits the hobgoblin.
The hobgoblin is heavily wounded.
The hobgoblin is too close now for your liking.
Casting: Shock (safe; 4% risk of failure)
Confirm with . or Enter, or press ? or * to list all spells.
Aiming: Shock (safe; 4% risk of failure)
Press: ? - help, Shift-Dir - straight line, f/p - hobgoblin
Aim: a hobgoblin, wielding a +0 club (heavily wounded)
The zap hits the hobgoblin.
You kill the hobgoblin!
Found a short sword.
Found a stone staircase leading down.
Ijyb the Twisted Goblin comes into view.
She is carrying a wand of flame (21).
Press: ? - help, v - describe, . - travel
Here: Ijyb, wearing a cursed +0 ring mail and carrying a wand of flame (21)
The floor.
Placed new exclusion.
A bat comes into view.
Casting: Shock (safe; 4% risk of failure)
Confirm with . or Enter, or press ? or * to list all spells.
Aiming: Shock (safe; 4% risk of failure)
Press: ? - help, Shift-Dir - straight line, f - bat
Aim: a bat (asleep)
The zap hits the bat.
The bat is moderately wounded.
The bat barely misses you. The bat hits you. The bat closely misses you.
The bat misses you. The bat hits you. The bat misses you.
The bat barely misses you.
Casting: Shock (safe; 4% risk of failure)
Confirm with . or Enter, or press ? or * to list all spells.
Aiming: Shock (safe; 4% risk of failure)
Press: ? - help, Shift-Dir - straight line, f/p - bat
Aim: a bat (moderately wounded) That beam is likely to hit you.
Continue anyway?
Okay, then.
The bat hits you. The bat closely misses you.
Casting: Shock (safe; 4% risk of failure)
Confirm with . or Enter, or press ? or * to list all spells.
Aiming: Shock (safe; 4% risk of failure)
Press: ? - help, Shift-Dir - straight line, f/p - bat
Aim: a bat (moderately wounded)
The zap hits the bat.
You kill the bat!
The zap hits Ijyb.
Ijyb is lightly wounded.
The zap hits Ijyb.
Ijyb is moderately wounded.
Ijyb zaps a wand.
The puff of flame hits you!
* * * LOW HITPOINT WARNING * * *
Casting: Shock (safe; 4% risk of failure)
Confirm with . or Enter, or press ? or * to list all spells.
Aiming: Shock (safe; 4% risk of failure)
Press: ? - help, Shift-Dir - straight line The zap hits Ijyb.
Ijyb is heavily wounded.
The zap misses Ijyb.
Ijyb zaps a wand.
The puff of flame hits you!
You die...

..... ############# ......
#.÷.........# ......
###...........# ....
#.....<...)...# #...
#.#...........# ..#
#.#...........# ####).# #
#..........@#####.....####.
#...........##........†....
#...........##........###..
...........g†.._8_.......>
#############.#.._...#.###g.
#.#.....##).. #.#.##..# .###
#.#.##.....# #.......###


You could see Ijyb.

Vanquished Creatures
  A dart slug (D:1)
  A bat (D:3)
  A giant cockroach (D:2)
  2 goblins (D:1)
  3 hobgoblins
  2 jackals (D:2)
  5 kobolds
  2 frilled lizards
  3 rats
20 creatures vanquished.

Notes
Turn   | Place    | Note
-------+----------+-------------------------------------------
     0 | D:1      | Amnesiac the Deep Elf Air Elementalist began the quest for
                  | the Orb.
     0 | D:1      | Reached XP level 1. HP: 10/10 MP: 6/6
   228 | D:1      | Reached XP level 2. HP: 15/15 MP: 2/8
   242 | D:1      | Learned a level 2 spell: Swiftness
   555 | D:3      | Found a sacrificial altar of Ru.
   555 | D:3      | Found a shimmering altar of Xom.
   555 | D:3      | Found a bloodstained altar of Trog.
   599 | D:3      | Noticed Ijyb
   615 | D:3      | Killed from afar by Ijyb

Illustrated notes

Levels and vault maps discovered:
D:1:      lemuel_arrival_hallway, layout_rooms, serial_curves, eino_curves_01,
          eino_curves_01, kennysheep_crisscross
D:2:      layout_loops_corners, led_sif_pool, first_ration,
          chequers_serial_rivers_small_3
D:3:      layout_basic, marbit_many_paths,
          chequers_temple_overflow_statue_of_worship, uniq_sigmund, uniq_ijyb

Action                   || total
-------------------------++-------
 Cast: Shock             ||    39
Armor: Robe              ||     2
Dodge: Dodged            ||     7

Table legend:
 A = Non-vault XP
 B = Vault XP
 C = Vault XP percentage of total XP
 D = Non-vault monster count
 E = Vault monster count
 F = Vault count percentage of total count
                 A         B        C        D         E       F
            +---------+---------+-------+---------+---------+-------
      Total |      35 |       0 |   0.0 |      20 |       0 |   0.0
            +---------+---------+-------+---------+---------+-------
        D:1 |      17 |       0 |   0.0 |       9 |       0 |   0.0
        D:2 |       9 |       0 |   0.0 |       5 |       0 |   0.0
        D:3 |       9 |       0 |   0.0 |       6 |       0 |   0.0
            +---------+---------+-------+---------+---------+-------
